 Dungeon Crawl Stone Soup version 0.25-a0-398-g1920f1ac21 (console) character file.

Game seed: 14503859826349674318, levelgen mode: deterministic

3185 Kagalorn the Covert (level 9, -4/89 HPs)
             Began as a Naga Arcane Marksman on Jan 8, 2020.
             Slain by Harold
             ... wielding a +1 glaive of venom
              (5 damage)
             ... on level 7 of the Dungeon.
             The game lasted 00:35:48 (10430 turns).

Kagalorn the Covert (Naga Arcane Marksman)         Turns: 10430, Time: 00:35:48

Health: -4/89      AC: 14    Str: 17    XL:     9   Next: 95%
Magic:  10/10      EV:  8    Int: 13    God:
Gold:   474        SH:  0    Dex: 11    Spells: 10/10 levels left

rFire    + . .     SeeInvis +   a - +0 shortbow
rCold    + . .     Gourm    .   (shield currently unavailable)
rNeg     . . .     Faith    .   I - +2 robe {rC+ rF+}
rPois    +         Spirit   .   (helmet restricted)
rElec    .         Reflect  .   (no cloak)
rCorr    .         Harm     .   g - +0 pair of gloves
MR       +....                  G - +0 naga barding
Stlth    ++++......             (no amulet)
HPRegen  0.24/turn              i - ring of wizardry
MPRegen  0.12/turn              E - +3 ring of protection

@: marked, very slightly contaminated, invisible, very slow
A: large, horns 1, see invisible, deformed body, poison resistance, robust 1,
slowness 2, slow metabolism 1, spit poison 1, AC +3
a: Spit Poison


You were on level 7 of the Dungeon.
You were hungry.

You visited 1 branch of the dungeon, and saw 7 of its levels.
You also visited: Ossuary.

You collected 474 gold pieces.

Inventory:

Hand Weapons
 a - a +0 shortbow (weapon)
 b - a +2 dagger of venom
 w - a +2 short sword of speed
Missiles
 d - 150 arrows (quivered)
 v - 50 poisoned darts
Armour
 c - a +0 scale mail
 g - a +0 pair of gloves (worn)
 p - a +1 plate armour
 G - a +0 naga barding (worn)
 I - a +2 robe of resistance (worn)
Jewellery
 i - a ring of wizardry (left hand)
 E - a +3 ring of protection (right hand)
Wands
 y - a wand of acid (5)
Scrolls
 h - 4 scrolls of amnesia
 j - a scroll of magic mapping
 k - 4 scrolls of remove curse
 n - a scroll of fear {unknown}
 r - a scroll of enchant armour
 t - 3 scrolls of teleportation
 u - a scroll of fog
 C - a scroll of holy word
 D - a scroll of vulnerability
 F - 3 scrolls of enchant weapon
 H - a scroll of random uselessness {unknown}
Potions
 l - a potion of haste
 m - 2 potions of curing
 q - a potion of mutation
 s - 2 potions of might
 x - a potion of agility
 z - a potion of resistance
 A - a potion of brilliance
 B - a potion of degeneration
Comestibles
 f - 10 rations


   Skills:
 - Level 5.0 Fighting
 * Level 9.8 Bows
 * Level 1.6 Armour
 - Level 1.5 Dodging
 - Level 10.0 Stealth
 - Level 1.0 Spellcasting
   Level 3.0 Hexes


You had 10 spell levels left.
You didn't know any spells.
Your spell library contained the following spells:

 Spells                   Type           Power        Failure   Level  Hunger
 Corona                   Hex            #......      3%          1    ##.....
 Slow                     Hex            #.......     4%          2    ###....
 Inner Flame              Hex/Fire       #.......     17%         3    ####...
 Portal Projectile        Hex/Tloc       #.....       17%         3    ####...
 Cause Fear               Hex            #.........   32%         4    #####..
 Leda's Liquefaction      Hex/Erth       #.........   50%         4    #####..


Dungeon Overview and Level Annotations

Branches:
Dungeon (7/15)            Ossuary (visited)
 Temple: D:4-7

Altars:
Ashenzari
Dithmenos
Fedhas
Hepliaklqana
Nemelex Xobeh
Ru
Xom

Annotations:
D:3 3 runed translucent doors, wullow85's ghost, amateur DsGl
D:4 3 runed translucent doors, Napalmbreeze's ghost, amateur DEEE
D:5 3 runed translucent doors, splatterpode's ghost, novice OpAs
D:6 exclusion: 2 downstairs
D:7 1 transporter, exclusion: slave, DerDa's ghost, novice VSFi; Harold


Innate Abilities, Weirdness & Mutations

You cannot wear boots.
Your serpentine skin is tough. (AC +3)
You have supernaturally acute eyesight. (SInv)
Armour fits poorly on your strangely shaped body.
Your system is resistant to poisons. (rPois)
You cover ground very slowly.
You have a slow metabolism.
You can spit poison.
You have a pair of small horns on your head.
You are robust. (+10% HP)


Message History

A scorpion comes into view.
The freed slave closely misses the bullfrog zombie.
An adder zombie comes into view.
The bullfrog zombie closely misses you. Harold fires a harpoon shot at you.
The harpoon shot hits you!
* * * LOW HITPOINT WARNING * * *
You are yanked forward by the harpoon shot.
The freed slave hits the bullfrog zombie.
The bullfrog zombie hits you.
* * * LOW HITPOINT WARNING * * *
The gnoll hits you!
* * * LOW HITPOINT WARNING * * *
Harold misses you.
The bullfrog zombie hits you but does no damage.
The freed slave barely misses the bullfrog zombie.
The crimson imp summons a swarm of flies.
The bullfrog zombie hits you but does no damage.
Harold hits you from afar with a +1 glaive of venom.
You die...

#).......≈≈≈≈..#####
##..≈≈≈≈≈.≈≈≈≈......##
....≈≈≈≈≈.≈≈≈≈.......#######
###.≈≈≈≈≈.≈≈≈≈.............##
....≈≈≈≈≈.≈≈≈≈...........#..#
###...).....................#
............................#
###.##.........g........_...#
###........s.5.s@<...#......#
#....#........@.Zp..##.....##
#...##.......##.######.#.###
.....#.......#.......#...#
.###............).._.#.### .
######...##)......#.# .
#.#.##.......#.# .
#.#.#...######.# .
##.#.#.....####.#


You could see Harold, a scorpion, a gnoll, a crimson imp, a bullfrog zombie, a
giant cockroach and a neutral freed slave (wandering).

Vanquished Creatures
  Pikel (D:6)
  A kobold demonologist (D:7)
  Sigmund (D:2)
  2 ice beasts
  A phantom (D:6)
  An orc warrior (D:7)
  3 centaurs
  4 ogres
  A big kobold (D:7)
  3 bullfrogs
  A scorpion (D:6)
  2 electric eels
  A crimson imp (D:6)
  3 centaur zombies (Ossuary)
  2 hounds
  2 jellies (D:5)
  4 orc priests
  A bullfrog skeleton (D:5)
  5 orc wizards
  3 human zombies (Ossuary)
  An iguana (D:7)
  5 worker ants
  A killer bee zombie (D:6)
  4 hound zombies
  4 mummies
  5 adders
  2 shadow imps (D:6)
  3 adder zombies (Ossuary)
  2 worms
  2 dart slugs
  3 leopard geckos
  18 orcs
  5 giant cockroaches
  7 goblins
  2 hobgoblins
  10 jackals
  6 quokkas
  6 bats
  4 frilled lizards
  A giant cockroach zombie (D:6)
  3 goblin zombies (Ossuary)
  4 hobgoblin zombies (Ossuary)
  3 jackal zombies (Ossuary)
  13 kobolds
  3 kobold zombies (Ossuary)
  6 quokka zombies (Ossuary)
  6 rats
  2 rat zombies (Ossuary)
173 creatures vanquished.

Vanquished Creatures (others)
  3 slaves (D:7)
  A big kobold (D:7)
  An orc (D:7)
  2 kobolds (D:7)
7 creatures vanquished.

Grand Total: 180 creatures vanquished

Notes
Turn   | Place    | Note
-------+----------+-------------------------------------------
     0 | D:1      | Kagalorn the Naga Arcane Marksman began the quest for the
                  | Orb.
     0 | D:1      | Reached XP level 1. HP: 18/18 MP: 2/2
   181 | D:1      | Reached skill level 1 in Stealth
   416 | D:1      | Reached skill level 2 in Stealth
   451 | D:1      | Reached XP level 2. HP: 24/25 MP: 3/3
   457 | D:1      | Reached skill level 3 in Stealth
   937 | D:1      | Reached skill level 4 in Stealth
  1030 | D:1      | Reached XP level 3. HP: 28/31 MP: 4/4
  1282 | D:2      | Reached skill level 5 in Stealth
  1453 | D:2      | Noticed Sigmund
  1840 | D:2      | Reached XP level 4. HP: 38/38 MP: 5/5
  1861 | D:2      | Gained mutation: You are robust. (+10% HP) [potion of
                  | mutation]
  1861 | D:2      | Gained mutation: You have a pair of small horns on your
                  | head. [potion of mutation]
  1873 | D:2      | Killed Sigmund
  1873 | D:2      | Reached skill level 8 in Stealth
  1873 | D:2      | Reached XP level 5. HP: 43/48 MP: 6/6
  2029 | D:2      | Found a hazy altar of Hepliaklqana.
  2537 | D:3      | Reached XP level 6. HP: 56/56 MP: 7/7
  2671 | D:3      | Found a shimmering altar of Xom.
  2797 | D:3      | Found a shimmering altar of Xom.
  2989 | D:3      | Reached skill level 9 in Stealth
  3219 | D:3      | Found a runed translucent gate.
  3220 | D:3      | Found a runed translucent gate.
  3221 | D:3      | Found a runed translucent gate.
  3222 | D:3      | Noticed wullow85's ghost (amateur DsGl)
  4043 | D:4      | Found a runed translucent gate.
  4043 | D:4      | Found a runed translucent gate.
  4043 | D:4      | Found a runed translucent gate.
  4100 | D:4      | Noticed an ice beast
  4114 | D:4      | Noticed Napalmbreeze's ghost (amateur DEEE)
  4116 | D:4      | Noticed an ice beast
  4197 | D:5      | Entered Level 5 of the Dungeon
  4213 | D:5      | Noticed an ice beast
  4254 | D:5      | Found a runed translucent gate.
  4255 | D:5      | Found a runed translucent gate.
  4256 | D:5      | Found a runed translucent gate.
  4258 | D:5      | Noticed splatterpode's ghost (novice OpAs)
  4277 | D:5      | Reached skill level 10 in Stealth
  4277 | D:5      | Reached XP level 7. HP: 29/62 MP: 8/8
  4436 | D:5      | Found a sand-covered staircase.
  4461 | Ossuary  | Entered an ossuary
  5543 | Ossuary  | Reached skill level 5 in Bows
  6003 | D:6      | Reached XP level 8. HP: 63/70 MP: 9/9
  7204 | D:6      | Found a sparkling altar of Nemelex Xobeh.
  7214 | D:6      | Found a shadowy altar of Dithmenos.
  7433 | D:6      | Found a sacrificial altar of Ru.
  7925 | D:7      | Noticed a kobold demonologist
  8276 | D:7      | Found a shattered altar of Ashenzari.
  8276 | D:7      | Noticed Harold
  8293 | D:7      | Found a transporter.
  8296 | D:7      | Noticed DerDa's ghost (novice VSFi)
  8361 | D:6      | Reached XP level 9. HP: 24/83 MP: 10/10
  9792 | D:7      | Noticed Pikel
  9801 | D:7      | Found a blossoming altar of Fedhas.
  9837 | D:6      | Killed Pikel
  9837 | D:6      | Reached skill level 1 in Armour
 10074 | D:7      | Reached skill level 5 in Fighting
 10088 | D:7      | Noticed an ice devil
 10097 | D:7      | Noticed a red devil
 10099 | D:7      | Killed a kobold demonologist
 10429 | D:7      | HP: 1/89 [gnoll (7)]
 10430 | D:7      | Slain by Harold

Levels and vault maps discovered:
D:1:      psy_arrival_radial02, layout_basic, serial_bayou_lagoon_a
D:2:      layout_basic, lemuel_coloured_pillars_altar, first_ration,
          minmay_tromino_v4_b, uniq_sigmund
D:3:      minmay_inner_zag, layout_basic, gammafunk_ghost_necromancy,
          xom_redecorated
D:4:      layout_rooms, gammafunk_ghost_icy
D:5:      layout_rooms, gup_ossuary_entry_pyramid, gammafunk_ghost_split,
          minivault_5
D:6:      layout_cave_pools, kennysheep_little_box,
          nemelex_xobeh_ov_fountains_minmay, nicolae_dithmenos_the_darkroom,
          nrook_pool_corridor
D:7:      layout_rooms, overflow_temple_1_default, overflow_temple_1_default,
          tso_oasis_becter, minmay_temple_entry_slanted, basic_altar,
          gammafunk_ghost_stat_death, grunt_ogre_cave, minivault_14,
          kennysheep_generic_room_9, uniq_pikel, uniq_harold

Skill      XL: |  1  2  3  4  5  6  7  8  9 |
---------------+----------------------------+-----
Stealth        | 2 4 5 8 10 | 10.0
Bows           | 3 5 7 9 |  9.8
Fighting       | 3 5 |  5.0
Armour         | 1 |  1.6
Dodging        | |  1.5
Spellcasting   | |  1.0
Hexes          | |  3.0

Action                   |  1- 3 |  4- 6 |  7- 9 || total
-------------------------+-------+-------+-------++-------
Melee: Short sword       |    60 |    56 |   191 ||   307
       Headbutt          |       |     5 |    40 ||    45
       Dagger            |       |       |    63 ||    63
 Fire: Shortbow          |     5 |    27 |   290 ||   322
Throw: Dart              |       |       |    20 ||    20
 Abil: Spit Poison       |    41 |    34 |    38 ||   113
Evoke: Wand              |       |       |     3 ||     3
  Use: Potion            |       |     3 |     2 ||     5
       Scroll            |       |       |    19 ||    19
 Stab: Sleeping          |     3 |     3 |     6 ||    12
  Eat: Chunk             |     4 |     8 |     7 ||    19
       Ration            |       |       |     3 ||     3
Armor: Robe              |    14 |    20 |   138 ||   172
       Skin              |       |     5 |       ||     5
Dodge: Dodged            |    44 |    46 |   230 ||   320

Table legend:
 A = Non-vault XP
 B = Vault XP
 C = Vault XP percentage of total XP
 D = Non-vault monster count
 E = Vault monster count
 F = Vault count percentage of total count
                 A         B        C        D         E       F
            +---------+---------+-------+---------+---------+-------
      Total |    3207 |    1344 |  29.5 |     130 |      43 |  24.9
            +---------+---------+-------+---------+---------+-------
        D:1 |      37 |       0 |   0.0 |      22 |       0 |   0.0
        D:2 |      52 |     222 |  81.0 |      23 |       3 |  11.5
        D:3 |      40 |       8 |  16.7 |      10 |       3 |  23.1
        D:4 |     207 |       0 |   0.0 |       9 |       0 |   0.0
        D:5 |     659 |      21 |   3.1 |      19 |       1 |   5.0
        D:6 |    1479 |     706 |  32.3 |      35 |       1 |   2.8
        D:7 |     733 |       0 |   0.0 |      12 |       0 |   0.0
    Ossuary |       0 |     387 | 100.0 |       0 |      35 | 100.0
            +---------+---------+-------+---------+---------+-------
